 Dungeon Crawl Stone Soup version 0.20.1-1-g8b1a95d (webtiles) character file.

34 Zapper the Conjurer (level 3, -6/19 HPs)
             Began as a Deep Elf Conjurer on Oct 31, 2017.
             Mangled by a worm (8 damage)
             ... on level 2 of the Dungeon.
             The game lasted 00:16:53 (916 turns).

Zapper the Conjurer (Deep Elf Conjurer)              Turns: 916, Time: 00:16:54

Health: -6/19      AC:  3    Str:  7    XL:     3   Next: 14%
Magic:  0/9        EV: 19    Int: 20    God:
Gold:   55         SH:  0    Dex: 22    Spells: 5/8 levels left

rFire    . . .     SeeInvis .   (no weapon)
rCold    + . .     Gourm    .   (no shield)
rNeg     + . .     Faith    .   a - +1 robe
rPois    .         Spirit   .   (no helmet)
rElec    .         Reflect  .   (no cloak)
rCorr    .         Harm     .   (no gloves)
MR       .....                  (no boots)
Stlth    ++++......             (no amulet)
Regen    0.1/turn               k - ring of positive energy
MPRegen  0.2/turn               (no ring)

@: agile
A: agile 1, cold resistance 1, strong 1
a: no special abilities


You were on level 2 of the Dungeon.
You were not hungry.

You visited 1 branch of the dungeon, and saw 2 of its levels.

You collected 55 gold pieces.

Inventory:

Armour
 a - a +1 robe (worn)
Jewellery
 k - a ring of positive energy (left hand)
Books
 b - a book of Conjurations

   Spells                             Type                      Level
   a - Magic Dart                     Conjuration                  1
   b - Searing Ray                    Conjuration                  2
   c - Dazzling Spray                 Conjuration/Hexes            3
   d - Fulminant Prism                Conjuration/Hexes            4
   e - Force Lance                    Conjuration/Translocation    4
   f - Iskenderun's Mystic Blast      Conjuration                  4
 i - a book of Maledictions

   Spells                             Type                      Level
   a - Corona                         Hexes                        1
   b - Ensorcelled Hibernation        Hexes/Ice                    2
   c - Confuse                        Hexes                        3
   d - Tukima's Dance                 Hexes                        3
   e - Dazzling Spray                 Conjuration/Hexes            3
Comestibles
 c - a bread ration
 f - a meat ration


   Skills:
 + Level 0.1 Fighting
 + Level 2.6 Dodging
 + Level 2.4 Stealth
 + Level 3.3 Spellcasting
 + Level 5.3 Conjurations


You had 5 spell levels left.
You knew the following spells:

 Your Spells              Type           Power        Failure   Level  Hunger
a - Magic Dart            Conj           ###.         1%          1    None
b - Searing Ray           Conj           ###...       2%          2    ##.....


Dungeon Overview and Level Annotations

Branches:
Dungeon (2/15)

Altars:


Innate Abilities, Weirdness & Mutations

You are agile. (Dex +2)
Your flesh is cold resistant. (rC+)
Your muscles are strong. (Str +2)


Message History

The worm is heavily wounded.
The adder closely misses you. The worm bites you but does no damage.
You hit the worm but do no damage.
The worm is heavily wounded.
The adder bites you.
* * * LOW HITPOINT WARNING * * *
The adder completely misses you.
You hit the worm but do no damage.
The worm is heavily wounded.
The worm closely misses you. The adder completely misses you.
You hit the worm.
The worm is heavily wounded.
The adder completely misses you. The worm misses you.
You barely miss the worm.
The worm is heavily wounded.
The adder barely misses you.
You hit the worm.
The worm is heavily wounded.
The adder barely misses you. The worm bites you!
You die...

####.....#########
.........†..w...(#
......##########(#
......# #[#
......# #.#
......# #.#
......# #.#
......# #w#
......# #@# #S#
#K# #.# #.# #.#
#.# #.#


You could see a worm, an adder and a kobold.

Vanquished Creatures
  2 dart slugs (D:1)
  2 leopard geckos (D:1)
  A ball python (D:1)
  2 goblins (D:1)
  3 hobgoblins
  A quokka (D:2)
  3 bats
  3 frilled lizards (D:1)
  6 kobolds (D:1)
  4 rats (D:1)
27 creatures vanquished.

Notes
Turn   | Place    | Note
-------+----------+-------------------------------------------
     0 | D:1      | Zapper the Deep Elf Conjurer began the quest for the Orb.
     0 | D:1      | Reached XP level 1. HP: 10/10 MP: 6/6
   177 | D:1      | Reached XP level 2. HP: 15/15 MP: 0/8
   253 | D:1      | Reached skill level 5 in Conjurations
   637 | D:1      | Reached XP level 3. HP: 14/19 MP: 1/9
   814 | D:2      | Learned a level 2 spell: Searing Ray
   909 | D:2      | Gained mutation: You are agile. (Dex +2) [potion of mutation]
   909 | D:2      | Gained mutation: Your muscles are strong. (Str +2) [potion of mutation]
   909 | D:2      | Gained mutation: Your flesh is cold resistant. (rC+) [potion of mutation]
   916 | D:2      | Mangled by a worm

Skill      XL: |  1  2 |
---------------+-------+-----
Conjurations   | 5 |  5.3
Fighting       | |  0.1
Dodging        | |  2.6
Stealth        | |  2.4
Spellcasting   | |  3.3

Action                   || total
-------------------------++-------
Melee: Spear             ||     2
       Unarmed           ||    10
Throw: Tomahawk          ||    10
 Cast: Magic Dart        ||    56
       Searing Ray       ||     1
  Use: Scroll            ||     5
       Potion            ||     3
Armor: Robe              ||     8
Dodge: Dodged            ||    30
